 Dungeon Crawl Stone Soup version 0.31-a0-182-gc5ef74bbde (webtiles) character file.

Game seed: 4386425015856899491

13638 qw the Cleaver (level 12, -2/76 HPs)
             Began as a Gargoyle Fighter on June 20, 2023.
             Was a High Priest of Okawaru.
             Slain by a cane toad (13 damage)
             ... on level 2 of the Lair of Beasts.
             The game lasted 00:05:30 (11186 turns).

qw the Cleaver (Gargoyle Fighter)                  Turns: 11186, Time: 00:05:30

Health: -2/76      AC: 33    Str: 32    XL:     12   Next: 8%
Magic:  16/17      EV: 10    Int:  8    God:    Okawaru [*****.]
Gold:   589        SH:  6    Dex:  9    Spells: 11/11 levels left

rFire   . . .        Y - +5 war axe
rCold   + . .        c - +0 buckler
rNeg    + . .        y - +0 plate armour
rPois   inf          g - +0 helmet
rElec   +            x - +2 cloak
rCorr   .            i - +0 pair of gloves
SInv    .            u - +0 pair of boots
Will    .....        n - amulet of faith Stlth
                     f - +6 ring of strength
HPRegen 0.32/turn    a - ring of protection from cold
MPRegen 0.15/turn

%: faith
@: about to teleport, heroic
A: sickness immunity, AC +8, negative energy resistance 1, electricity
resistance, torment resistance 1, petrification resistance
a: Renounce Religion, Heroism, Finesse, Duel


You were on level 2 of the Lair of Beasts.
You worshipped Okawaru.
Okawaru was extremely pleased with you.
You visited 3 branches of the dungeon, and saw 13 of its levels.

You collected 797 gold pieces.
You spent 208 gold pieces at shops.


Innate Abilities, Weirdness & Mutations

You are immune to sickness and miasma.
Your stone body is resilient. (AC +8)
You are immune to poison.
You resist negative energy. (rN+)
You are resistant to electric shocks. (rElec)
You are resistant to unholy torment.
You are immune to petrification.


   Skills:
 + Level 9.3(14.3) Fighting
 - Level 12.0(17.0) Axes
 - Level 1.2(6.2) Throwing
 - Level 9.0(14.0) Armour
 - Level 2.5(7.5) Dodging
 - Level 6.0(11.0) Shields
 + Level 7.3 Invocations


You had 11 spell levels left.
You didn't know any spells.
Your spell library was empty.

Inventory:

Hand Weapons
 r - a +3 morningstar
 s - a +2 flail of holy wrath
 Y - a +5 war axe (weapon)
Armour
 c - a +0 buckler (worn)
 g - a +0 helmet (worn)
 i - a +0 pair of gloves (worn)
 u - a +0 pair of boots (worn)
 x - a +2 cloak (worn)
 y - a +0 plate armour (worn)
Jewellery
 a - a ring of protection from cold (right hand)
 f - a +6 ring of strength (left hand)
 k - an amulet of reflection
 n - an amulet of faith (around neck)
 o - a +6 ring of dexterity
Wands
 B - a wand of digging (9)
Scrolls
 m - a scroll of identify
Potions
 d - 4 potions of might
 e - 3 potions of lignification
 h - 2 potions of mutation
 j - 3 potions of curing
 l - 2 potions of attraction
 p - a potion of resistance
 q - a potion of degeneration {unknown}
 t - a potion of brilliance {unknown}
 w - a potion of haste
 A - a potion of ambrosia {unknown}
 C - a potion of cancellation {unknown}

Dungeon Overview and Level Annotations

Branches:
Dungeon (10/15)            Temple (1/1) D:7            Lair (2/5) D:10
    Orc (0/2) D:10
  Swamp: Lair:2-3    Shoals: Lair:2-3     Snake: Lair:2-3    Spider: Lair:2-3

Altars:
Ashenzari
Cheibriados
Dithmenos
Elyvilon
Fedhas
Gozag
Hepliaklqana
Kikubaaqudgha
Makhleb
Nemelex Xobeh
Okawaru
Qazlal
Ru
Sif Muna
Trog
Uskayaw
Vehumet
Wu Jian
Xom
Yredelemnul
Zin
The Shining One

Shops:
D:3 !   D:5 [=

Annotations:
D:6 1 runed translucent door, qw's ghost, amateur GrFi


Message History

You block the komodo dragon's attack.
You slice the komodo dragon!!
The komodo dragon is heavily wounded.
You slash the cane toad!
The cane toad stings you but does no damage.
You hit the komodo dragon but do no damage.
The komodo dragon is heavily wounded.
You closely miss the cane toad. The komodo dragon barely misses you.
You completely miss the komodo dragon.
The komodo dragon is heavily wounded.
You hit the cane toad.
The cane toad stings you but does no damage.
The komodo dragon bites you.
You hit the komodo dragon.
The komodo dragon is severely wounded.
You barely miss the cane toad. You block the cane toad's attack.
The komodo dragon bites you!
11182 ||| READING scroll of teleportation.
As you read the scroll of teleportation, it crumbles to dust.
You feel strangely unstable.
The cane toad stings you but does no damage.
The komodo dragon closely misses you.
You slice the komodo dragon!!
You kill the komodo dragon!
Okawaru accepts your kill.
You can now enter into single combat with a foe.
Okawaru will now gift you equipment as you gain piety.
You barely miss the cane toad.
The cane toad stings you but does no damage.
You barely miss the cane toad.
The cane toad is moderately wounded.
The cane toad misses you.
You barely miss the cane toad.
The cane toad is moderately wounded.
The cane toad stings you but does no damage.
You slash the cane toad!
The cane toad is severely wounded.
The cane toad stings you!
You die...

..#.....#...#P.
................ ...
.#P......#......####P...
.#.................#....
........................
..#.....#...............
.#.#....##P.............
.##....## #P....F...#...
. ..## #..@.......
#............ ..
##...../..... ..
#............ .#
##........... ..
#........... ..
#........... ..
##.........# ..


You could see a cane toad.

Vanquished Creatures
  Erica (D:8)
  A black mamba (Lair:2)
  3 cane toads
  Maggie (D:7)
  3 komodo dragons
  5 trolls
  4 blink frogs (Lair:1)
  Sigmund (D:6)
  A wyvern (Lair:1)
  27 yaks
  2 steam dragons
  Edmund (D:4)
  7 water moccasins
  3 sky beasts
  A black bear (Lair:1)
  2 orc warriors
  6 wolves
  2 ogres
  2 phantoms
  A centaur (D:8)
  3 bullfrogs
  A kobold brigand (D:9)
  2 gnoll sergeants
  14 wights
  4 electric eels (D:10)
  2 howler monkeys
  8 hounds
  5 jellies
  3 orc priests
  A gnoll bouda (D:5)
  Ijyb (D:4)
  2 iguanas (D:5)
  5 orc wizards
  Robin (D:3)
  11 gnolls
  3 adders
  2 white imps
  An ufetubus (D:6)
  3 worms
  3 dart slugs (D:1)
  23 orcs
  2 bats (D:1)
  4 endoplasms
  4 giant cockroaches
  9 goblins
  10 hobgoblins
  2 quokkas
  7 ball pythons
  3 frilled lizards
  8 kobolds
  4 rats
225 creatures vanquished.

Notes
Turn   | Place    | Note
-------+----------+-------------------------------------------
     0 | D:1      | qw the Gargoyle Fighter began the quest for the Orb.
     0 | D:1      | Reached XP level 1. HP: 14/14 MP: 1/1
     0 | D:1      | 0 ||| qw: Version: 0.3-a-9-g12657ce
     0 | D:1      | 0 ||| qw: Game counter: 1422
     0 | D:1      | 0 ||| qw: Always use a shield: true
     0 | D:1      | 0 ||| qw: God list: Okawaru
     0 | D:1      | 0 ||| qw: Allow faded altars: false
     0 | D:1      | 0 ||| qw: Do Orc after D:15 true
     0 | D:1      | 0 ||| qw: Do second Lair branch before Depths: true
     0 | D:1      | 0 ||| qw: Lair rune preference: random
     0 | D:1      | 0 ||| qw: Plans: Normal, Zot:1-4, Slime:5, God:TSO, Crypt,
                  | Tomb, Abyss, Pan, Hells, Win
     0 | D:1      | 0 ||| PLANNING D:1-11
    63 | D:1      | Found a faded altar of an unknown god.
    81 | D:1      | Reached skill level 2 in Axes
   112 | D:1      | 112 ||| Stepping ~*~*~tactically~*~*~ (hiding).
   288 | D:1      | 288 ||| Stepping ~*~*~tactically~*~*~ (stealth).
   291 | D:1      | 291 ||| Stepping ~*~*~tactically~*~*~ (stealth).
   293 | D:1      | 293 ||| Stepping ~*~*~tactically~*~*~ (stealth).
   297 | D:1      | Reached XP level 2. HP: 15/19 MP: 2/2
   297 | D:1      | 297 ||| FLEEEEING.
   298 | D:1      | 298 ||| FLEEEEING.
   299 | D:1      | 299 ||| FLEEEEING.
   300 | D:1      | 300 ||| FLEEEEING.
   301 | D:1      | 301 ||| FLEEEEING.
   302 | D:1      | 302 ||| FLEEEEING.
   303 | D:1      | 303 ||| FLEEEEING.
   304 | D:1      | 304 ||| FLEEEEING.
   305 | D:1      | 305 ||| FLEEEEING.
   306 | D:1      | 306 ||| FLEEEEING.
   307 | D:1      | 307 ||| FLEEEEING.
   308 | D:1      | 308 ||| FLEEEEING.
   309 | D:1      | 309 ||| FLEEEEING.
   352 | D:1      | 352 ||| Stepping ~*~*~tactically~*~*~ (stealth).
   353 | D:1      | 353 ||| Stepping ~*~*~tactically~*~*~ (stealth).
   389 | D:1      | 389 ||| Stepping ~*~*~tactically~*~*~ (stealth).
   396 | D:1      | 396 ||| Stepping ~*~*~tactically~*~*~ (stealth).
   503 | D:1      | 503 ||| Stepping ~*~*~tactically~*~*~ (stealth).
   504 | D:1      | 504 ||| Stepping ~*~*~tactically~*~*~ (stealth).
   525 | D:1      | 525 ||| Stepping ~*~*~tactically~*~*~ (stealth).
   541 | D:1      | 541 ||| Stepping ~*~*~tactically~*~*~ (hiding).
   542 | D:1      | 542 ||| FLEEEEING.
   543 | D:1      | 543 ||| FLEEEEING.
   544 | D:1      | 544 ||| FLEEEEING.
   548 | D:1      | 548 ||| FLEEEEING.
   549 | D:1      | 549 ||| FLEEEEING.
   550 | D:1      | 550 ||| FLEEEEING.
   555 | D:1      | Reached skill level 3 in Axes
   559 | D:1      | Reached XP level 3. HP: 23/23 MP: 3/3
   619 | D:1      | 619 ||| Stepping ~*~*~tactically~*~*~ (hiding).
   620 | D:1      | 620 ||| Stepping ~*~*~tactically~*~*~ (hiding).
   882 | D:1      | 882 ||| UPGRADING to amulet of faith.
   887 | D:1      | 887 ||| UPGRADING to +6 ring of strength.
   888 | D:1      | 888 ||| DROPPING ring of wizardry.
   889 | D:1      | 889 ||| READING 2 scrolls labelled JETUAKU TELIOT.
   890 | D:1      | 890 ||| READING scroll labelled PIYGOWEDD.
   895 | D:1      | 895 ||| READING scroll labelled ESTAUCR LIOSOB.
   896 | D:1      | 896 ||| READING scroll labelled ZAT FYISACOSTRO.
   897 | D:1      | 897 ||| READING scroll labelled YKHLOC MURHAAD.
   998 | D:1      | 998 ||| READING 2 scrolls labelled IRRERYL HEMA.
   999 | D:1      | 999 ||| DROPPING scroll of fog.
  1208 | D:2      | 1208 ||| Stepping ~*~*~tactically~*~*~ (hiding).
  1209 | D:2      | 1209 ||| Stepping ~*~*~tactically~*~*~ (hiding).
  1365 | D:2      | 1365 ||| DROPPING +0 mace.
  1376 | D:2      | You fall into a shaft and drop 2 floors!
  1400 | D:4      | HP: 5/23 [orc wizard/magic dart (5)]
  1402 | D:4      | Reached skill level 4 in Axes
  1402 | D:4      | Reached XP level 4. HP: 6/28 MP: 4/4
  1506 | D:4      | 1506 ||| UPGRADING to +0 helmet.
  1511 | D:4      | 1511 ||| UPGRADING to +0 pair of gloves.
  1516 | D:4      | 1516 ||| DROPPING ring of magical power.
  1517 | D:4      | 1517 ||| READING scroll labelled MUCSIEHIGE.
  1518 | D:4      | 1518 ||| READING 2 scrolls of identify.
  1518 | D:4      | 1518 ||| IDENTIFYING fizzy red potion
  1523 | D:4      | 1523 ||| FLEEEEING.
  1524 | D:4      | 1524 ||| FLEEEEING.
  1525 | D:4      | 1525 ||| STAIRDANCE
  1527 | D:3      | 1527 ||| FLEEEEING.
  1528 | D:3      | 1528 ||| FLEEEEING.
  1529 | D:3      | 1529 ||| FLEEEEING.
  1530 | D:3      | 1530 ||| STAIRDANCE
  1566 | D:2      | Reached XP level 5. HP: 32/32 MP: 5/5
  1896 | D:2      | 1896 ||| UPGRADING to ring of protection from cold.
  1951 | D:3      | 1951 ||| Stepping ~*~*~tactically~*~*~ (stealth).
  1978 | D:3      | Noticed Robin
  1984 | D:3      | Killed Robin
  1990 | D:3      | 1990 ||| Stepping ~*~*~tactically~*~*~ (stealth).
  2209 | D:3      | Reached skill level 5 in Axes
  2228 | D:3      | Found Zaycirho's Distillery.
  2232 | D:3      | 2232 ||| BUYING 2 potions of might (112 gold).
  2232 | D:3      | Bought 2 potions of might for 112 gold pieces
  2232 | D:3      | 2232 ||| BUYING potion of attraction (42 gold).
  2232 | D:3      | Bought a potion of attraction for 42 gold pieces
  2232 | D:3      | 2232 ||| SHOPLISTING potion of haste (140 gold, have 35).
  2232 | D:3      | 2232 ||| SHOPLISTING potion of heal wounds (70 gold, have
                  | 35).
  2232 | D:3      | 2232 ||| SHOPLISTING potion of magic (112 gold, have 35).
  2232 | D:3      | 2232 ||| SHOPLISTING potion of might (56 gold, have 35).
  2352 | D:3      | 2352 ||| Stepping ~*~*~tactically~*~*~ (stealth).
  2354 | D:3      | 2354 ||| Stepping ~*~*~tactically~*~*~ (stealth).
  2355 | D:3      | 2355 ||| Stepping ~*~*~tactically~*~*~ (stealth).
  2766 | D:3      | 2766 ||| READING scroll labelled ASSUMA TIEN.
  2767 | D:3      | 2767 ||| READING 2 scrolls of identify.
  2767 | D:3      | 2767 ||| IDENTIFYING fizzy cyan potion
  2869 | D:4      | Noticed Edmund
  2884 | D:4      | Killed Edmund
  2885 | D:4      | Reached XP level 6. HP: 33/37 MP: 6/6
  2901 | D:4      | 2901 ||| DROPPING +0 flail.
  3125 | D:4      | Noticed Ijyb
  3129 | D:4      | Paralysed by Ijyb for 2 turns
  3140 | D:4      | Killed Ijyb
  3339 | D:4      | 3339 ||| UPGRADING to +0 cloak.
  3344 | D:4      | 3344 ||| READING 2 scrolls of identify.
  3344 | D:4      | 3344 ||| IDENTIFYING fizzy yellow potion
  3371 | D:5      | Entered Level 5 of the Dungeon
  3375 | D:5      | 3375 ||| STAIRDANCE
  3379 | D:4      | Reached XP level 7. HP: 27/43 MP: 7/7
  3478 | D:5      | Reached skill level 6 in Axes
  3673 | D:5      | Found Jam Hotweusk's Armour Emporium.
  3682 | D:5      | 3682 ||| BUYING +0 pair of boots (54 gold).
  3682 | D:5      | Bought a +0 pair of boots for 54 gold pieces
  3682 | D:5      | 3682 ||| SHOPLISTING +2 plate armour of willpower (480
                  | gold, have 71).
  3682 | D:5      | 3682 ||| SHOPLISTING +2 robe of cold resistance (212 gold,
                  | have 71).
  3682 | D:5      | 3682 ||| SHOPLISTING +3 leather armour of fire resistance
                  | (288 gold, have 71).
  3761 | D:5      | 3761 ||| Stepping ~*~*~tactically~*~*~ (hiding).
  3762 | D:5      | 3762 ||| Stepping ~*~*~tactically~*~*~ (hiding).
  3763 | D:5      | 3763 ||| Stepping ~*~*~tactically~*~*~ (hiding).
  3764 | D:5      | 3764 ||| Stepping ~*~*~tactically~*~*~ (hiding).
  3765 | D:5      | 3765 ||| Stepping ~*~*~tactically~*~*~ (hiding).
  3766 | D:5      | 3766 ||| Stepping ~*~*~tactically~*~*~ (hiding).
  3811 | D:5      | 3811 ||| Stepping ~*~*~tactically~*~*~ (stealth).
  3812 | D:5      | 3812 ||| Stepping ~*~*~tactically~*~*~ (stealth).
  3861 | D:5      | Reached skill level 7 in Axes
  3865 | D:5      | Reached XP level 8. HP: 35/48 MP: 8/8
  3872 | D:5      | HP: 9/48 [gnoll bouda/+0 club (6)]
  4207 | D:5      | Found Eckeng's Jewellery Shop.
  4215 | D:5      | 4215 ||| SHOPLISTING +5 ring of evasion (360 gold, have
                  | 91).
  4215 | D:5      | 4215 ||| SHOPLISTING ring of fire (250 gold, have 91).
  4215 | D:5      | 4215 ||| SHOPLISTING ring of resist corrosion (200 gold,
                  | have 91).
  4215 | D:5      | 4215 ||| SHOPLISTING ring of see invisible (150 gold, have
                  | 91).
  4347 | D:5      | 4347 ||| UPGRADING to +0 pair of boots.
  4352 | D:5      | 4352 ||| UPGRADING to +2 cloak.
  4362 | D:5      | 4362 ||| DROPPING +0 cloak.
  4435 | D:6      | HP: 7/49 [orc warrior/+0 hand axe (12)]
  4652 | D:6      | Reached skill level 1 in Throwing
  4666 | D:6      | Found a runed translucent door.
  4669 | D:6      | Noticed qw's ghost (amateur GrFi)
  4751 | D:6      | Noticed Sigmund
  4753 | D:6      | 4753 ||| DRINKING 3 potions of curing.
  4753 | D:6      | 4753 ||| (to cure confusion)
  4759 | D:6      | Killed Sigmund
  4760 | D:6      | Reached skill level 8 in Axes
  4938 | D:6      | 4938 ||| Stepping ~*~*~tactically~*~*~ (stealth).
  4940 | D:6      | 4940 ||| Stepping ~*~*~tactically~*~*~ (stealth).
  5164 | D:6      | Reached skill level 6 in Fighting
  5325 | D:6      | 5325 ||| UPGRADING to +0 plate armour.
  5335 | D:6      | 5335 ||| DROPPING +0 scale mail.
  5336 | D:6      | 5336 ||| DROPPING orb of mayhem.
  5337 | D:6      | 5337 ||| READING scroll labelled QELOICUB NOS.
  5382 | D:7      | Found a staircase to the Ecumenical Temple.
  5383 | D:7      | 5383 ||| PLANNING TEMPLE
  5383 | D:7      | 5383 ||| READING scroll labelled XOB TOIFFASH.
  5387 | D:7      | Noticed Maggie
  5388 | D:7      | 5388 ||| Stepping ~*~*~tactically~*~*~ (hiding).
  5391 | D:7      | 5391 ||| Stepping ~*~*~tactically~*~*~ (hiding).
  5393 | D:7      | 5393 ||| Stepping ~*~*~tactically~*~*~ (hiding).
  5424 | D:7      | Reached XP level 9. HP: 50/56 MP: 9/9
  5429 | D:7      | Killed Maggie
  5516 | Temple   | Entered the Ecumenical Temple
  5538 | Temple   | 5538 ||| PLANNING OKAWARU WORSHIP
  5553 | Temple   | Became a worshipper of Warmaster Okawaru
  5554 | Temple   | 5554 ||| PLANNING D:1-11
  5588 | D:7      | 5588 ||| Stepping ~*~*~tactically~*~*~ (hiding).
  5622 | D:7      | Reached skill level 6 in Armour
  5645 | D:7      | 5645 ||| Stepping ~*~*~tactically~*~*~ (hiding).
  5742 | D:7      | 5742 ||| SWAPPING to +4 war axe.
  5743 | D:7      | 5743 ||| DROPPING +1 war axe.
  5829 | D:7      | Reached skill level 9 in Axes
  5833 | D:7      | Reached * piety under Okawaru
  5838 | D:7      | Found a flagged portal.
  5903 | D:7      | 5903 ||| INVOKING Heroism.
  5904 | D:7      | 5904 ||| Stepping ~*~*~tactically~*~*~ (cloud).
  5918 | D:7      | 5918 ||| Stepping ~*~*~tactically~*~*~ (cloud).
  6133 | D:7      | Found an ornate altar of the Wu Jian Council.
  6218 | D:7      | 6218 ||| INVOKING Heroism.
  6365 | D:7      | 6365 ||| READING scroll of enchant weapon.
  6365 | D:7      | 6365 ||| ENCHANTING +4 war axe.
  6448 | D:8      | Noticed Erica
  6463 | D:8      | HP: 6/57 [Erica/+4 scimitar of flaming (10)]
  6463 | D:8      | HP: 1/57 [Erica/+4 scimitar of flaming (5)]
  6469 | D:8      | Killed Erica
  6470 | D:8      | Reached XP level 10. HP: 4/63 MP: 10/10
  6580 | D:8      | 6580 ||| FLEEEEING.
  6581 | D:8      | 6581 ||| FLEEEEING.
  6582 | D:8      | 6582 ||| STAIRDANCE
  6668 | D:8      | 6668 ||| STAIRDANCE
  6673 | D:7      | Reached skill level 1 in Invocations
  6786 | D:8      | 6786 ||| INVOKING Heroism.
  6905 | D:8      | 6905 ||| Stepping ~*~*~tactically~*~*~ (hiding).
  7088 | D:8      | 7088 ||| INVOKING Heroism.
  7096 | D:8      | Reached skill level 3 in Invocations
  7400 | D:8      | 7400 ||| READING scroll labelled HUMUYXU ESUL.
  7472 | D:9      | Reached ** piety under Okawaru
  7473 | D:9      | 7473 ||| INVOKING Heroism.
  7482 | D:9      | Reached skill level 10 in Axes
  7806 | D:9      | Found a glowing golden altar of the Shining One.
  7807 | D:9      | 7807 ||| DROPPING +0 morningstar.
  7808 | D:9      | 7808 ||| DROPPING +1 flail of holy wrath.
  7919 | D:9      | 7919 ||| INVOKING Heroism.
  7923 | D:9      | HP: 11/64 [yak (9)]
  7924 | D:9      | 7924 ||| READING 2 scrolls of teleportation.
  7927 | D:9      | Reached *** piety under Okawaru
  8159 | D:9      | 8159 ||| Stepping ~*~*~tactically~*~*~ (hiding).
  8163 | D:9      | 8163 ||| INVOKING Heroism.
  8194 | D:9      | 8194 ||| INVOKING Heroism.
  8286 | D:9      | Found a stormy altar of Qazlal.
  8301 | D:9      | 8301 ||| Stepping ~*~*~tactically~*~*~ (hiding).
  8305 | D:9      | 8305 ||| Stepping ~*~*~tactically~*~*~ (stealth).
  8307 | D:9      | 8307 ||| Stepping ~*~*~tactically~*~*~ (stealth).
  8361 | D:9      | 8361 ||| Stepping ~*~*~tactically~*~*~ (stealth).
  8363 | D:9      | 8363 ||| Stepping ~*~*~tactically~*~*~ (stealth).
  8365 | D:9      | 8365 ||| Stepping ~*~*~tactically~*~*~ (stealth).
  8379 | D:9      | Reached XP level 11. HP: 46/68 MP: 14/14
  8379 | D:9      | 8379 ||| INVOKING Heroism.
  8384 | D:9      | Reached skill level 11 in Axes
  8722 | D:9      | 8722 ||| READING 2 scrolls of identify.
  8722 | D:9      | 8722 ||| IDENTIFYING brown potion
  8723 | D:9      | 8723 ||| DROPPING potion of invisibility.
  8779 | D:10     | Entered Level 10 of the Dungeon
  8781 | D:10     | 8781 ||| INVOKING Heroism.
  8805 | D:10     | 8805 ||| INVOKING Heroism.
  8808 | D:10     | 8808 ||| DRINKING 2 metallic silvery potions.
  8838 | D:10     | 8838 ||| INVOKING Heroism.
  8844 | D:10     | Reached skill level 9 in Fighting
  8874 | D:10     | 8874 ||| Stepping ~*~*~tactically~*~*~ (stealth).
  8904 | D:10     | 8904 ||| Stepping ~*~*~tactically~*~*~ (stealth).
  8925 | D:10     | 8925 ||| Stepping ~*~*~tactically~*~*~ (stealth).
  8942 | D:10     | 8942 ||| INVOKING Heroism.
  8961 | D:10     | 8961 ||| INVOKING Heroism.
  8968 | D:10     | 8968 ||| READING scroll labelled HULETIN XOMUUB.
  8980 | D:10     | 8980 ||| FLEEEEING.
  8981 | D:10     | 8981 ||| FLEEEEING.
  8982 | D:10     | 8982 ||| FLEEEEING.
  8983 | D:10     | 8983 ||| FLEEEEING.
  8984 | D:10     | 8984 ||| FLEEEEING.
  8985 | D:10     | 8985 ||| FLEEEEING.
  8986 | D:10     | 8986 ||| FLEEEEING.
  8987 | D:10     | 8987 ||| FLEEEEING.
  8988 | D:10     | 8988 ||| FLEEEEING.
  8989 | D:10     | 8989 ||| FLEEEEING.
  8990 | D:10     | 8990 ||| FLEEEEING.
  8991 | D:10     | 8991 ||| FLEEEEING.
  8992 | D:10     | 8992 ||| FLEEEEING.
  8993 | D:10     | 8993 ||| FLEEEEING.
  8994 | D:10     | 8994 ||| FLEEEEING.
  8995 | D:10     | 8995 ||| FLEEEEING.
  8996 | D:10     | 8996 ||| FLEEEEING.
  8997 | D:10     | 8997 ||| FLEEEEING.
  8998 | D:10     | 8998 ||| FLEEEEING.
  8999 | D:10     | 8999 ||| FLEEEEING.
  9000 | D:10     | 9000 ||| FLEEEEING.
  9001 | D:10     | 9001 ||| FLEEEEING.
  9002 | D:10     | 9002 ||| FLEEEEING.
  9003 | D:10     | 9003 ||| STAIRDANCE
  9136 | D:10     | 9136 ||| INVOKING Heroism.
  9311 | D:10     | 9311 ||| Stepping ~*~*~tactically~*~*~ (stealth).
  9320 | D:10     | Reached skill level 9 in Armour
  9327 | D:10     | Reached **** piety under Okawaru
  9607 | D:10     | 9607 ||| INVOKING Heroism.
  9608 | D:10     | 9608 ||| Stepping randomly (stuck).
  9614 | D:10     | Found a staircase to the Orcish Mines.
  9618 | D:10     | Found a staircase to the Lair.
  9739 | D:10     | 9739 ||| PLANNING LAIR
  9750 | Lair:1   | Entered Level 1 of the Lair of Beasts
 10185 | Lair:1   | 10185 ||| Stepping ~*~*~tactically~*~*~ (stealth).
 10199 | Lair:1   | 10199 ||| INVOKING Heroism.
 10395 | Lair:1   | 10395 ||| INVOKING Heroism.
 10483 | Lair:1   | 10483 ||| INVOKING Heroism.
 10508 | Lair:1   | 10508 ||| INVOKING Heroism.
 10656 | Lair:1   | 10656 ||| INVOKING Heroism.
 10666 | Lair:1   | Reached skill level 6 in Invocations
 10827 | Lair:1   | 10827 ||| INVOKING Heroism.
 11073 | Lair:1   | 11073 ||| DROPPING amulet of regeneration.
 11074 | Lair:1   | 11074 ||| DRINKING 2 viscous purple potions.
 11088 | Lair:2   | 11088 ||| Stepping ~*~*~tactically~*~*~ (stealth).
 11089 | Lair:2   | 11089 ||| Stepping ~*~*~tactically~*~*~ (stealth).
 11095 | Lair:2   | Reached skill level 12 in Axes
 11158 | Lair:2   | 11158 ||| INVOKING Heroism.
 11167 | Lair:2   | HP: 15/71 [cane toad (14)]
 11168 | Lair:2   | 11168 ||| READING 2 scrolls of teleportation.
 11168 | Lair:2   | HP: 4/71 [cane toad (11)]
 11169 | Lair:2   | 11169 ||| DRINKING 2 potions of heal wounds.
 11170 | Lair:2   | 11170 ||| DRINKING potion of heal wounds.
 11172 | Lair:2   | Reached skill level 6 in Shields
 11172 | Lair:2   | Reached XP level 12. HP: 38/76 MP: 14/17
 11181 | Lair:2   | HP: 10/76 [komodo dragon (15)]
 11182 | Lair:2   | 11182 ||| READING scroll of teleportation.
 11183 | Lair:2   | Reached ***** piety under Okawaru
 11186 | Lair:2   | Slain by a cane toad

Levels and vault maps discovered:
D:1:      minmay_arrival_loop, layout_loops_ring,
          dreamdust_ecumenical_altar_statues, columned_hall_lemuel,
          corner_web_ring
D:2:      layout_basic, chequers_decorated_corner
D:3:      layout_loops_ring, serial_rivers, chequers_serial_rivers_large_a,
          chequers_serial_rivers_marsh, chequers_serial_rivers_room_a,
          chequers_serial_rivers_small_3, chequers_serial_rivers_micro_a,
          chequers_serial_rivers_micro_b, serial_shops, shop,
          roderic_malta_cross, uniq_robin
D:4:      minmay_evil_eye, layout_basic, nrook_mini_vaults, uniq_edmund,
          uniq_ijyb
D:5:      layout_cave_pools, serial_gnoll_camp, gnoll_camp_mini_hut,
          gnoll_camp_mini_shop, gnoll_camp_mini_shop, gnoll_camp_mini_house,
          gnoll_camp_mini_loothouse
D:6:      layout_loops_ring, ebering_ghost_sewer_d, uniq_sigmund
D:7:      layout_loops_ring, pdpol_wu_jian_five_deadly_venoms,
          minmay_temple_entry_wispy, enter_bailey_2, uniq_maggie
D:8:      layout_cave_pools, uniq_erica
D:9:      layout_grid_maze, mainiacjoe_overflow_big_doors
D:10:     layout_basic, erik_lair_island, orc_0_dummy
Temple:   hellmonk_temple_of_storms
Lair:1:   layout_long_grid, enter_volcano_2, lemuel_fruit_fields
Lair:2:   layout_gridlike, nicolae_swamp_entry_splash_gauntlet,
          grunt_megastairs_2, uniq_gastronok

Skill      XL: |  1  2  3  4  5  6  7  8  9 10 11 |
---------------+----------------------------------+-----
Axes           | 2 3 4 5 7 8 9 10 12 | 12.0
Dodging        | 2 |  2.5
Fighting       | 4 6 7 8 9 |  9.3
Throwing       | 1 |  1.2
Armour         | 4 8 9 |  9.0
Shields        | 4 5 6 |  6.0
Invocations    | 4 7 |  7.3

Action                     |  1- 3 |  4- 6 |  7- 9 | 10-12 || total
---------------------------+-------+-------+-------+-------++-------
  Melee: War axe           |    94 |   106 |   282 |   374 ||   856
  Throw: Boomerang         |       |       |    20 |     5 ||    25
 Invoke: Heroism           |       |       |     2 |    21 ||    23
    Use: Scroll            |     6 |     5 |     3 |     6 ||    20
         Potion            |       |       |     1 |     4 ||     5
 Armour: Scale mail        |    43 |    50 |    85 |       ||   178
         Plate armour      |       |       |    69 |   215 ||   284
  Dodge: Dodged            |    37 |    28 |   111 |   122 ||   298
  Block: Buckler           |    16 |    13 |    48 |    67 ||   144

Table legend:
 A = Non-vault XP
 B = Vault XP
 C = Vault XP percentage of total XP
 D = Non-vault monster count
 E = Vault monster count
 F = Vault count percentage of total count
                 A         B        C        D         E       F
            +---------+---------+-------+---------+---------+-------
      Total |   15749 |    3734 |  19.2 |     184 |      41 |  18.2
            +---------+---------+-------+---------+---------+-------
        D:1 |      41 |       0 |   0.0 |      20 |       0 |   0.0
        D:2 |      37 |       0 |   0.0 |      14 |       0 |   0.0
        D:3 |      18 |      38 |  67.9 |       7 |      13 |  65.0
        D:4 |     333 |     203 |  37.9 |      13 |       3 |  18.8
        D:5 |     354 |     334 |  48.5 |       8 |      12 |  60.0
        D:6 |     697 |     239 |  25.5 |      16 |       1 |   5.9
        D:7 |    1304 |     395 |  23.2 |      18 |       1 |   5.3
        D:8 |     885 |     818 |  48.0 |      14 |       1 |   6.7
        D:9 |    4365 |       0 |   0.0 |      33 |       0 |   0.0
       D:10 |    1756 |     830 |  32.1 |      14 |       8 |  36.4
     Lair:1 |    4410 |       0 |   0.0 |      21 |       0 |   0.0
     Lair:2 |    1549 |     877 |  36.2 |       6 |       2 |  25.0
            +---------+---------+-------+---------+---------+-------
